 Dungeon Crawl Stone Soup version 0.24.0-123-gd5b16e6ec5 (webtiles) character file.

Game seed: 3094485005840406680, levelgen mode: deterministic

756769 Amplified the Slayer (level 27, -1/278 HPs)
             Began as a Minotaur Air Elementalist on Feb 9, 2020.
             Was a High Priest of Dithmenos.
             Slain by a death cob (4 damage)
             ... on level 3 of the Realm of Zot on Feb 10, 2020.
             The game lasted 03:40:16 (89757 turns).

Amplified the Slayer (Minotaur Air Elementalist)   Turns: 89757, Time: 03:40:16

Health: -1/278     AC: 32    Str: 24    XL:     27
Magic:  33/36      EV: 22    Int: 13    God:    Dithmenos [*****.]
Gold:   2920       SH: 20    Dex: 20    Spells: 18/47 levels left

rFire    + + +     SeeInvis +   n - +9 dagger (elec)
rCold    + + +     Gourm    +   N - +1 shield of Surprise {+Fly rF+ rCorr}
rNeg     + + +     Faith    .   B - quicksilver dragon scales
rPois    +         Spirit   .   l - +2 hat
rElec    +         Reflect  .   v - +2 cloak {+Inv}
rCorr    +         Harm     .   b - +1 pair of gloves of the Orcish Mines {rElec rPois rF+ Dex+2}
MR       +++..                  Y - +2 pair of boots {run}
Stlth    ++++++++++             V - amulet "Ixzanwy" {Gourm rN+ Str+6 SInv Stlth+}
HPRegen  0.56/turn              C - ring of Pashroito {rF+ rC+ rN+}
MPRegen  0.25/turn              K - ring of Pride {rC+ rN+ Slay+5}

@: about to teleport, resistant, slowed, wreathed by umbra, very slow
A: retaliatory headbutt, horns 2, rugged brown scales 1
}: 5/15 runes: serpentine, barnacled, slimy, silver, abyssal
a: Shadow Step, Shadow Form, Renounce Religion, Evoke Invisibility, Evoke Flight


You were on level 3 of the Realm of Zot.
You worshipped Dithmenos.
Dithmenos was extremely pleased with you.
You were very full.

You visited 12 branches of the dungeon, and saw 56 of its levels.
You visited the Abyss 1 time.
You visited 1 ziggurat, and saw 7 of its levels.
You also visited: Ossuary, Bailey and Ice Cave.

You collected 8670 gold pieces.
You spent 5750 gold pieces at shops.

Inventory:

Hand Weapons
 e - a +9 demon blade of electrocution
 n - a +9 dagger of electrocution (weapon)
 F - a +3 double sword
 L - a +9 eveningstar of draining
Missiles
 j - 126 poisoned darts
 o - 12 curare-tipped darts (quivered)
Armour
 b - the +1 pair of gloves of the Orcish Mines (worn) {rElec rPois rF+ Dex+2}
   (You took it off Nikola on level 1 of the Snake Pit)

   It affects your dexterity (+2).
   It protects you from fire.
   It insulates you from electricity.
   It protects you from poison.
 h - the +0 large shield "Onashota" {+Blink rElec rF+ MR+}
   (You bought it in a shop on level 2 of the Orcish Mines)

   It protects you from fire.
   It insulates you from electricity.
   It affects your resistance to hostile enchantments.
   It lets you blink.
 k - a +6 scale mail of magic resistance
 l - a +2 hat (worn)
 v - a +2 cloak of invisibility (worn)
 B - quicksilver dragon scales (worn)
 N - the +1 shield of Surprise (worn) {+Fly rF+ rCorr}
   (You found it on level 2 of the Elven Halls)

   It protects you from fire.
   It lets you fly.
   It provides partial protection from all sources of acid and corrosion.
 Y - a +2 pair of boots of running (worn)
Jewellery
 a - the amulet of the Distant Future {RegenMP +Inv rC+ Int+6}
   (You found it on level 2 of the Abyss)

   [amulet of magic regeneration]

   It increases your magic regeneration.
   It affects your intelligence (+6).
   It protects you from cold.
   It lets you turn invisible.
 t - the ring "Iseh" {*Drain rElec rPois rF+ SInv}
   (You took it off a tengu reaver on level 2 of the Depths)

   [ring of poison resistance]

   It protects you from fire.
   It insulates you from electricity.
   It protects you from poison.
   It lets you see invisible.
   It causes draining when unequipped.
 w - the ring of Zifoerun {*Contam rPois AC+3 Str+2 Dex+2}
   (You found it on level 4 of the Vaults)

   [ring of protection]

   It affects your AC (+3).
   It affects your strength (+2).
   It affects your dexterity (+2).
   It protects you from poison.
   It causes magical contamination when unequipped.
 y - the amulet "Kahe" {RegenMP rN+ Str+2 SInv}
   (You bought it in a shop on level 3 of the Depths)

   [amulet of magic regeneration]

   It increases your magic regeneration.
   It affects your strength (+2).
   It protects you from negative energy.
   It lets you see invisible.
 C - the ring of Pashroito (left hand) {rF+ rC+ rN+}
   (You bought it in a shop on level 3 of the Depths)

   [ring of protection from fire]

   It protects you from fire.
   It protects you from cold.
   It protects you from negative energy.
 G - an uncursed ring of resist corrosion
 H - the amulet of Icu Jewn {RegenMP rPois rC++ Dex-4 SInv}
   (You found it on level 6 of the Lair of Beasts)

   [amulet of magic regeneration]

   It increases your magic regeneration.
   It affects your dexterity (-4).
   It greatly protects you from cold.
   It protects you from poison.
   It lets you see invisible.
 K - the ring of Pride (right hand) {rC+ rN+ Slay+5}
   (You found it on level 5 of the Pits of Slime)

   [ring of protection from cold]

   It affects your accuracy and damage with ranged weapons and melee attacks
   (+5).
   It protects you from cold.
   It protects you from negative energy.
 P - the amulet of Foiron {rPois Regen+ Str+3 Int-2 Slay+3}
   (You found it on level 2 of the Realm of Zot)

   [amulet of regeneration]

   It affects your strength (+3).
   It affects your intelligence (-2).
   It affects your accuracy and damage with ranged weapons and melee attacks
   (+3).
   It protects you from poison.
   It increases your rate of regeneration.
 R - the ring "Atzy" {rElec rPois rF++ rC+}
   (You took it off a deep elf high priest on level 3 of the Elven Halls)

   [ring of protection from cold]

   It greatly protects you from fire.
   It protects you from cold.
   It insulates you from electricity.
   It protects you from poison.
 V - the amulet "Ixzanwy" (around neck) {Gourm rN+ Str+6 SInv Stlth+}
   (You found it on level 5 of the Pits of Slime)

   [amulet of the gourmand]

   It allows you to eat raw meat even when not hungry.
   It affects your strength (+6).
   It protects you from negative energy.
   It lets you see invisible.
   It makes you more stealthy.
 Z - the ring "Zinliah" {*Corrode rF+ rN+ Dex+4 Slay+3}
   (You took it off a deep elf demonologist on level 5 of the Vaults)

   [ring of protection from fire]

   It affects your dexterity (+4).
   It affects your accuracy and damage with ranged weapons and melee attacks
   (+3).
   It protects you from fire.
   It protects you from negative energy.
   It may corrode you when you take damage.
Wands
 m - a wand of iceblast (33)
 D - a wand of disintegration (30)
 I - a wand of paralysis (7)
 M - a wand of scattershot (4)
 Q - a wand of polymorph (10)
 S - a wand of acid (2)
Scrolls
 d - 5 scrolls of identify
 p - 5 scrolls of enchant armour
 q - 18 scrolls of amnesia
 r - 18 scrolls of remove curse
 O - a scroll of fog
 T - a scroll of silence
 U - 2 scrolls of teleportation
Potions
 g - a potion of brilliance
 s - 4 potions of ambrosia
 x - 5 potions of flight
 z - 5 potions of magic
 A - 5 potions of resistance
 E - 12 potions of mutation
Miscellaneous
 X - a lamp of fire (inert)
Comestibles
 c - 62 rations


   Skills:
 * Level 26.4 Fighting
 - Level 10.3(12.6) Short Blades
 - Level 13.0(14.5) Long Blades
   Level 15.4(15.5) Axes
 - Level 2.6(10.7) Maces & Flails
 - Level 14.1 Throwing
 - Level 22.8 Armour
 - Level 12.9 Dodging
 - Level 17.4 Stealth
 - Level 25.3 Shields
 - Level 10.7 Spellcasting
 - Level 0.6 Conjurations
 - Level 2.1 Hexes
 - Level 11.0 Charms
 - Level 15.4 Air Magic
 - Level 10.0 Invocations
 - Level 10.8 Evocations


You had 18 spell levels left.
You knew the following spells:

 Your Spells              Type           Power        Failure   Level  Hunger
a - Swiftness             Chrm/Air       #####...     1%          2    None
b - Blink                 Tloc           N/A          19%         2    None
c - Silence               Hex/Air        ####......   10%         5    #####..
d - Deflect Missiles      Chrm/Air       #####.....   9%          6    ######.
e - Mephitic Cloud        Conj/Pois/Air  ###.....     4%          3    #......
f - Spectral Weapon       Hex/Chrm       ###.....     2%          3    #......
g - Regeneration          Chrm/Necr      ###.......   4%          3    #......
h - Confusing Touch       Hex            ##....       5%          1    None
i - Summon Lightning Spi  Summ/Air       ####....     5%          4    ###....

Your spell library contained the following spells:

 Spells                   Type           Power        Failure   Level  Hunger
 Infusion                 Chrm           ####         1%          1    None
 Shock                    Conj/Air       ####         1%          1    None
 Poisonous Vapours        Pois/Air       ####..       1%          2    None
 Shroud of Golubria       Chrm/Tloc      ###...       1%          2    None
 Song of Slaying          Chrm           #####...     1%          2    None
 Static Discharge         Conj/Air       ####....     1%          3    #......
 Airstrike                Air            #####.....   1%          4    ###....
 Ozocubu's Armour         Chrm/Ice       ###.....     4%          3    #......
 Corona                   Hex            ##.....      5%          1    None
 Slow                     Hex            ##......     9%          2    None
 Magic Dart               Conj           #...         10%         1    None
 Flame Tongue             Conj/Fire      #....        12%         1    None
 Sting                    Conj/Pois      #...         12%         1    None
 Ensorcelled Hibernation  Hex/Ice        #.....       12%         2    None
 Beastly Appendage        Tmut           #.....       13%         1    None
 Freeze                   Ice            #...         13%         1    None
 Summon Butterflies       Summ           #.......     13%         1    None
 Summon Small Mammal      Summ           #...         13%         1    None
 Lightning Bolt           Conj/Air       ####......   13%         5    #####..
 Searing Ray              Conj           #.....       16%         2    None
 Confuse                  Hex            ##......     16%         3    #......
 Throw Flame              Conj/Fire      #.....       17%         2    None
 Throw Frost              Conj/Ice       #.....       17%         2    None
 Call Imp                 Summ           #.......     19%         2    None
 Corpse Rot               Necr           N/A          19%         2    None
 Passwall                 Tmut/Erth      #.......     19%         2    None
 Sticks to Snakes         Tmut           #.......     19%         2    None
 Sublimation of Blood     Necr           #.........   19%         2    None
 Dazzling Spray           Conj/Hex       ##....       22%         3    #......
 Inner Flame              Hex/Fire       #.......     24%         3    #......
 Portal Projectile        Hex/Tloc       #.....       24%         3    #......
 Summon Guardian Golem    Hex/Summ       #.......     24%         3    #......
 Iskenderun's Battlesphe  Conj/Chrm      ###.....     32%         5    #####..
 Conjure Flame            Conj/Fire      #.......     34%         3    #......
 Stone Arrow              Conj/Erth      #.....       34%         3    #......
 Call Canine Familiar     Summ           #.......     36%         3    #......
 Gell's Gravitas          Tloc           #.........   36%         3    #......
 Ignite Poison            Fire/Tmut/Pois #.......     36%         3    #......
 Recall                   Summ/Tloc      N/A          36%         3    #......
 Spider Form              Tmut/Pois      #.........   36%         3    #......
 Cause Fear               Hex            ##........   47%         4    ###....
 Fulminant Prism          Conj/Hex       ##........   58%         4    ###....
 Leda's Liquefaction      Hex/Erth       #.........   63%         4    ###....
 Iskenderun's Mystic Bla  Conj           #.......     69%         4    ###....
 Force Lance              Conj/Tloc      #.......     75%         4    ###....
 Sticky Flame             Conj/Fire      #.......     75%         4    ###....
 Throw Icicle             Conj/Ice       #.......     75%         4    ###....
 Ice Form                 Ice/Tmut       #.......     77%         4    ###....
 Olgreb's Toxic Radiance  Pois           #.......     77%         4    ###....
 Passage of Golubria      Tloc           N/A          77%         4    ###....
 Petrify                  Tmut/Erth      #.......     77%         4    ###....
 Summon Ice Beast         Ice/Summ       #.......     77%         4    ###....
 Freezing Cloud           Conj/Ice/Air   ###.......   91%         6    ######.
 Metabolic Englaciation   Hex/Ice        #.........   92%         5    #####..
 Summon Mana Viper        Hex/Summ       #.......     92%         5    #####..
 Yara's Violent Unravell  Hex/Tmut       #.........   92%         5    #####..
 Bolt of Magma            Conj/Fire/Erth #.........   97%         5    #####..
 Fireball                 Conj/Fire      #.........   97%         5    #####..
 Irradiate                Conj/Tmut      #.........   97%         5    #####..
 Venom Bolt               Conj/Pois      #.........   97%         5    #####..
 Alistair's Intoxication  Tmut/Pois      #.......     98%         5    #####..
 Aura of Abjuration       Summ           #.........   98%         5    #####..
 Blade Hands              Tmut           #.........   98%         5    #####..
 Borgnjor's Vile Clutch   Necr/Erth      #.........   98%         5    #####..
 Lee's Rapid Deconstruct  Erth           #.........   98%         5    #####..
 Summon Demon             Summ           #.........   98%         5    #####..
 Summon Forest            Summ/Tloc      #.........   98%         5    #####..
 Bolt of Cold             Conj/Ice       #.........   100%        6    ######.
 Bolt of Fire             Conj/Fire      #.........   100%        6    ######.
 Darkness                 Hex            ##........   100%        6    ######.
 Hydra Form               Tmut           #.........   100%        6    ######.
 Invisibility             Hex            ##......     100%        6    ######.
 Iron Shot                Conj/Erth      #.........   100%        6    ######.
 Ozocubu's Refrigeration  Ice            #.........   100%        6    ######.
 Poison Arrow             Conj/Pois      #.........   100%        6    ######.
 Shadow Creatures         Summ           N/A          100%        6    ######.
 Simulacrum               Ice/Necr       #.........   100%        6    ######.
 Dragon Form              Tmut           #.........   100%        7    #######
 Haunt                    Necr/Summ      #.........   100%        7    #######
 Malign Gateway           Summ/Tloc      #.........   100%        7    #######
 Monstrous Menagerie      Summ           #.........   100%        7    #######
 Orb of Destruction       Conj           #.........   100%        7    #######
 Ring of Flames           Chrm/Fire      ###.......   100%        7    #######
 Spellforged Servitor     Conj/Summ      #.........   100%        7    #######
 Summon Greater Demon     Summ           #.........   100%        7    #######
 Summon Hydra             Summ           #.........   100%        7    #######
 Borgnjor's Revivificati  Necr           #.........   100%        8    #######
 Chain Lightning          Conj/Air       ####......   100%        8    #######
 Death's Door             Chrm/Necr      ###.......   100%        8    #######
 Discord                  Hex            ##........   100%        8    #######
 Ignition                 Fire           #.........   100%        8    #######
 Infestation              Necr           #.........   100%        8    #######
 Lehudib's Crystal Spear  Conj/Erth      #.........   100%        8    #######
 Necromutation            Tmut/Necr      #.........   100%        8    #######
 Summon Horrible Things   Summ           #.........   100%        8    #######
 Dragon's Call            Summ           #.........   100%        9    #######
 Fire Storm               Conj/Fire      #.........   100%        9    #######
 Glaciate                 Conj/Ice       #.........   100%        9    #######
 Shatter                  Erth           #.........   100%        9    #######
 Tornado                  Air            #####.....   100%        9    #######


Dungeon Overview and Level Annotations

Branches:
Dungeon (15/15)            Temple (1/1) D:4            Lair (6/6) D:10
 Shoals (4/4) Lair:3        Snake (4/4) Lair:2        Slime (5/5) Lair:6
    Orc (2/2) D:10            Elf (3/3) Orc:2        Vaults (5/5) D:13
  Crypt (3/3) Vaults:3       Tomb (0/3) Crypt:3      Depths (5/5) D:15
    Zot (3/5) Depths:5    Ossuary (visited)          Bailey (visited)
  IceCv (visited)

Altars:
Ashenzari
Cheibriados
Dithmenos
Elyvilon
Fedhas
Gozag
Hepliaklqana
Kikubaaqudgha
Makhleb
Nemelex Xobeh
Okawaru
Qazlal
Ru
Sif Muna
Trog
Uskayaw
Vehumet
Wu Jian
Xom
Yredelemnul
Zin
The Shining One
Beogh
Jiyva

Shops:
D:11 =   D:12 :   D:13 *   D:15 ?   Orc:1 [   Orc:2 ?[[   Elf:1 *   Snake:4 ?
Vaults:4 *   Depths:3 ==}

Portals:
Hell: Depths:1 Depths:2 Depths:3 Depths:4 Depths:5
Abyss: Depths:4
Pandemonium: Depths:1 Depths:3

Annotations:
Shoals:3 Roxanne
Snake:1 1 runed translucent door, Byolum's ghost, adept MiBe
Slime:5 Baseline endgame resistances
Elf:2 6 runed translucent doors
Vaults:5 eSlime (Something heavy for Big Slime, Abyss > Endgam
Zot:2 Careful descent


Innate Abilities, Weirdness & Mutations

You reflexively headbutt those who attack you in melee.
You have a pair of horns on your head.
You are partially covered in rugged brown scales. (AC +1, +3% HP)


Message History

* * * LOW HITPOINT WARNING * * *
You block the death cob's attack.
The black draconian roars!
You hear a roar!
Unknown command.
Okay, then.
Okay, then.
Okay, then.
Okay, then.
You block the death cob's attack. x2; The death cob completely misses you.
The death cob closely misses you. You furiously retaliate!
You headbutt the death cob! The death cob misses you.
The death cob completely misses you. You furiously retaliate!
You headbutt the death cob.
Unknown command.
You block the death cob's attack. The death cob completely misses you. x2
The death cob hits you but does no damage.
You block the death cob's attack. The death cob hits you!
* * * LOW HITPOINT WARNING * * *
The death cob hits you.
You die...

##################
##......§§§§§§.....
##.......§§§§§§.....
##.........§§§§§.....
##...##########.......
##.....# #..z.... ##.....@#
#...°... ##.....zz## #....°.#
##......X..########......#
##................d.......☼
##...#....../........./....,
##...###...................,,
##...##
##(§.....D........,,,,
##...##
*#.○.######.######***,,
##...## *#§§.## ##.#* *,,,


You could see a tentacled monstrosity, a golden dragon and 2 death cobs.

Vanquished Creatures
  the Royal Jelly (Slime:5)
  A pandemonium lord (Zig:5)
  An orb of fire (Zot:1)
  An ancient lich (Vaults:5)
  Mennas (Depths:4)
  Mara (Shoals:3)
  2 juggernauts (Depths:2)
  Sojobo (Vaults:3)
  The ghost of SlowGraham the Acrobat, a legendary KoMo of Trog (Vaults:4)
  3 Killer Klowns
  Margery (Vaults:3)
  2 shard shrikes (Zot:2)
  Saint Roka (Crypt:1)
  4 curse toes
  A caustic shrike (Depths:3)
  Bai Suzhen (Shoals:4)
  Xtahua (Crypt:1)
  12 golden dragons
  6 bone dragons
  Nikola (Snake:1)
  A Brimstone Fiend (Zig:5)
  16 tentacled monstrosities
  4 electric golems
  An Ice Fiend (IceCv)
  6 liches
  Rupert (D:12)
  A quicksilver dragon (Zot:2)
  3 deep elf blademasters (Elf:3)
  12 acid blobs
  3 deep elf master archers (Elf:3)
  9 titans
  6 death cobs
  Gastronok (Lair:2)
  6 sphinxes
  3 ancient champions
  A kraken (Shoals:4)
  A warmonger (Zig:5)
  9 tentacled starspawn
  12 shadow dragons
  9 storm dragons
  13 tengu reavers
  Frances (D:12)
  2 azure jellies
  15 nagarajas
  Donald (Shoals:2)
  7 draconian monks
  6 revenants
  24 frost giants
  8 draconian scorchers
  3 iron dragons
  14 fire giants
  An orc warlord (Zig:7)
  A ghost moth (Abyss:4)
  Aizul (Vaults:3)
  6 deep elf sorcerers
  14 vault wardens
  8 draconian shifters
  5 draconian stormcallers
  A balrug (Depths:3)
  4 draconian knights
  A juggernaut zombie (Crypt:3)
  3 deep elf elementalists
  7 ghouls
  5 spriggan defenders
  A blood saint (Zig:5)
  A reaper (Zig:4)
  19 stone giants
  33 very ugly things
  8 vampire knights
  9 deep elf demonologists
  8 black draconians
  3 green draconians
  6 entropy weavers
  9 red draconians
  The ghost of Uvinaotu the Blocker, a journeyman MiFi of the Shining One (D:15)
  Nessos (D:13)
  13 deep elf annihilators
  19 ironheart preservers
  14 yellow draconians
  10 white draconians
  16 spark wasps
  Snorg (Lair:4)
  7 merfolk javelineers
  5 eidola
  8 ettins
  10 purple draconians
  7 deep elf death magi
  4 death oozes
  A green death (Abyss:4)
  A crystal guardian (Vaults:5)
  4 merfolk impalers
  2 mummy priests
  12 fire dragons
  9 jiangshi
  Josephine (Orc:1)
  11 yaktaur captains
  17 ogre magi
  4 rakshasas
  A quicksilver dragon zombie (Crypt:2)
  19 ice dragons
  5 deep elf high priests
  Harold (D:7)
  11 great orbs of eyes
  Erolcha (Orc:1)
  A hydra (shapeshifter) (Vaults:5)
  A quicksilver dragon skeleton (Crypt:2)
  27 vault guards
  10 hydras
  30 naga warriors
  3 spriggan air magi
  14 centaur warriors
  A spectral frost giant (Crypt:3)
  The ghost of Ustaxtoz the Thaumaturge, a journeyman DEWz of Sif Muna (Lair:2)
  2 alligator snapping turtles
  3 catoblepae
  6 death knights
  4 anacondas
  20 dancing weapons
  5 deep troll shamans
  10 merfolk aquamancers
  4 merfolk avatars (Shoals:4)
  A satyr (Shoals:2)
  A deep troll earth mage (Depths:5)
  13 vampire magi
  3 death yaks (Lair:6)
  39 two-headed ogres
  A queen ant (Lair:5)
  20 naga sharpshooters
  16 thrashing horrors
  Urug (D:12)
  The ghost of Xerdoz the Martial Artist, a novice OpTm of Sif Muna (D:9)
  10 tengu warriors
  5 hell knights
  4 orc high priests
  7 spriggan berserkers
  5 shock serpents
  2 soul eaters
  2 sun demons (Depths:3)
  21 deep elf knights
  8 wretched stars
  Sonja (Lair:4)
  An iron troll (Zig:7)
  21 shadow wraiths
  2 salamander mystics
  13 sea snakes
  3 sixfirhies
  28 skeletal warriors
  8 flayed ghosts
  2 spark wasp zombies
  2 storm dragon skeletons
  6 naga ritualists
  A golden dragon zombie (Vaults:4)
  3 shadow demons
  2 spatial maelstroms
  6 glowing orange brains
  A ghost moth zombie (Crypt:2)
  5 unseen horrors
  5 wizards
  31 deep elf archers
  A shadow dragon zombie (Crypt:2)
  36 starcursed masses
  A spectral wolf spider (Crypt:3)
  23 deep trolls
  23 phantasmal warriors
  8 ironbrand convokers
  An anaconda skeleton (Crypt:3)
  26 orc knights
  A tengu zombie (Vaults:3)
  A lindwurm (shapeshifter) (Vaults:4)
  A lindwurm (Lair:6)
  18 necromancers
  68 deep elf magi
  14 harpies
  A frost giant zombie (Abyss:3)
  6 wolf spiders
  6 mana vipers
  An iron dragon zombie (D:15)
  57 ugly things
  6 fire giant zombies
  12 fauns
  4 orc sorcerers
  3 shining eyes
  9 salamanders
  A cyclops (shapeshifter) (Vaults:5)
  A sphinx skeleton (Crypt:1)
  6 cyclopes
  5 manticores
  17 merfolk sirens
  A moth of wrath (shapeshifter) (Vaults:4)
  2 wolf spiders (shapeshifter)
  5 ice statues
  A frost giant skeleton (Abyss:2)
  9 guardian serpents
  A rust devil (Abyss:2)
  15 elephants
  4 worldbinders
  28 black mambas
  2 eyes of devastation (Slime:5)
  17 naga magi
  2 shock serpent zombies (Crypt:3)
  13 vault sentinels
  Maurice (Orc:2)
  2 stone giant skeletons
  3 fire giant skeletons
  13 moths of wrath
  A molten gargoyle (Lair:2)
  6 smoke demons
  3 apocalypse crabs
  5 torpor snails (Lair:6)
  9 water nymphs
  2 guardian serpents (shapeshifter)
  Psyche (D:12)
  5 gargoyles
  A storm dragon simulacrum (Abyss:3)
  An eye of devastation (shapeshifter) (Depths:2)
  20 spiny frogs
  3 kobold demonologists
  2 hellions
  48 yaktaurs
  A dire elephant skeleton (Crypt:3)
  A spriggan skeleton (Zig:6)
  A spiny frog (shapeshifter) (D:14)
  5 spectral swamp worms (Depths:5)
  A yaktaur zombie (D:15)
  2 rime drakes (shapeshifter) (D:13)
  4 komodo dragons
  A redback zombie (D:13)
  17 freezing wraiths
  9 guardian mummies
  A swamp worm zombie (Crypt:2)
  2 anaconda simulacra
  10 ice devils (IceCv)
  3 efreet
  14 ancient zymes
  2 tengu conjurers
  A spectral harpy (Crypt:3)
  2 hellwings
  An elf skeleton (Zig:6)
  5 meliai (Abyss:4)
  15 merfolk
  10 trolls
  3 polar bears
  23 hornets
  A jumping spider (Vaults:4)
  A jumping spider (shapeshifter) (Elf:1)
  12 raiju
  4 tyrant leeches (Lair:6)
  5 wind drakes
  A wind drake (shapeshifter) (Vaults:1)
  A harpy skeleton (Crypt:1)
  A hippogriff (shapeshifter) (Vaults:2)
  16 hippogriffs
  An iron dragon simulacrum (Crypt:2)
  An ettin zombie (Vaults:4)
  3 dream sheep (Shoals:4)
  16 blink frogs
  A bog body (Crypt:3)
  62 slime creatures
  12 snapping turtles
  A dream sheep (shapeshifter) (Vaults:4)
  A satyr zombie (Crypt:3)
  2 fire dragon zombies
  A fire giant simulacrum (Vaults:2)
  2 deep troll zombies (Depths:1)
  15 flying skulls
  2 alligator skeletons
  2 frost giant simulacra
  2 human simulacra
  A redback (shapeshifter) (Vaults:4)
  8 redbacks
  Sigmund (D:3)
  An ice dragon skeleton (Crypt:2)
  7 spriggans
  11 shadows
  22 wraiths
  14 water elementals
  3 air elementals (Elf:2)
  4 tarantellas
  A dire elephant simulacrum (IceCv)
  A satyr skeleton (Crypt:3)
  27 large abominations
  A human (shapeshifter) (Vaults:1)
  36 yaks
  8 ynoxinuls
  2 chaos spawn
  16 wyverns
  17 humans
  6 golden eyes
  A steam dragon (D:10)
  4 basilisks
  3 fire elementals
  3 hogs (D:8)
  6 neqoxecs
  2 spatial vortices
  A golden eye (shapeshifter) (Vaults:3)
  7 vampire mosquitoes
  62 nagas
  A yaktaur simulacrum (Vaults:3)
  5 hungry ghosts
  12 wargs
  A naga (shapeshifter) (Depths:5)
  2 iron troll simulacra (IceCv)
  2 harpy simulacra (IceCv)
  Duvessa (D:6)
  3 hydra simulacra (IceCv)
  5 insubstantial wisps (Abyss:1)
  27 soldier ants
  An acid dragon (Vaults:2)
  19 water moccasins
  5 hell hounds
  4 sky beasts
  A spiny frog skeleton (Crypt:1)
  5 porcupines
  2 ice beasts
  66 orc warriors
  A black bear (shapeshifter) (Vaults:2)
  4 eyes of draining
  8 necrophages
  An ice beast (shapeshifter) (Abyss:3)
  A hornet zombie (D:15)
  3 ettin simulacra
  50 ogres
  A snapping turtle zombie (Crypt:3)
  A black bear (D:8)
  3 phantoms
  20 small abominations
  7 boggarts
  A blink frog skeleton (Crypt:2)
  28 centaurs
  14 wolves
  17 crocodiles
  8 human zombies
  8 bullfrogs
  A bullfrog (shapeshifter) (Abyss:2)
  8 human skeletons
  A wyvern zombie (D:14)
  A komodo dragon skeleton (Crypt:2)
  Dowan (D:6)
  6 scorpions
  2 wyvern skeletons
  A shapeshifter zombie (Crypt:2)
  8 killer bees
  An elf simulacrum (Vaults:3)
  9 electric eels
  13 wights
  6 howler monkeys
  A lava snake (Lair:2)
  3 centaur zombies
  6 crimson imps
  4 quasits
  15 orc priests
  4 bullfrog skeletons
  2 hounds
  3 jellies
  12 orc wizards
  2 bullfrog zombies
  6 iron imps
  8 centaur skeletons
  Jessica (D:2)
  Terence (D:2)
  3 iguanas
  23 worker ants
  A porcupine zombie (Crypt:2)
  A centaur simulacrum (Abyss:5)
  8 big kobold zombies (Ossuary)
  A tengu skeleton (Crypt:3)
  A hound zombie (D:10)
  2 hound skeletons
  7 mummies
  A howler monkey zombie (D:9)
  Robin (D:4)
  A howler monkey skeleton (Crypt:2)
  A worker ant zombie (D:8)
  2 gnolls (D:2)
  14 adders
  3 shadow imps
  4 white imps
  5 ufetubi
  2 oozes
  An adder skeleton (D:4)
  A worm (D:2)
  8 leopard geckos
  156 orcs
  3 spectral bats (Ossuary)
  2 ball pythons
  7 giant cockroaches
  16 goblins
  7 hobgoblins
  8 jackals
  11 quokkas
  7 bats
  2 bat simulacra (Ossuary)
  5 frilled lizards
  A giant cockroach zombie (Crypt:3)
  4 gnoll zombies (Ossuary)
  2 goblin simulacra (Ossuary)
  3 goblin zombies (Ossuary)
  5 hobgoblin zombies
  A jackal skeleton (D:6)
  11 kobolds
  A kobold simulacrum (Ossuary)
  9 kobold zombies
  5 orc zombies
  8 rats
  6 rat simulacra (Ossuary)
  A river rat zombie (Crypt:2)
  2 spectral goblins (Ossuary)
  A spectral kobold (Ossuary)
  4 spectral rats (Ossuary)
  2 crawling corpses (Elf:3)
  A fire vortex (Lair:2)
  A fungus (Lair:6)
  A lurking horror (Abyss:1)
  2 plants
  5 starspawn tentacles
3069 creatures vanquished.

Vanquished Creatures (collateral kills)
  A vault warden (Vaults:4)
  A vault guard (Vaults:4)
  3 deep elf magi (Orc:2)
  An orc warrior (Orc:2)
  An orc wizard (Orc:2)
  An orc (Orc:2)
8 creatures vanquished.

Vanquished Creatures (others)
  A lich (Crypt:3)
  A frost giant (Zot:2)
  A draconian stormcaller (Depths:5)
  A purple draconian (Zot:2)
  A vault guard (Vaults:4)
  A satyr (Shoals:2)
  2 thrashing horrors (Abyss:2)
  A wretched star (Abyss:4)
  A deep elf knight (Vaults:3)
  An ironbrand convoker (Vaults:1)
  A guardian serpent (Snake:4)
  A smoke demon (Abyss:4)
  An apocalypse crab (Abyss:4)
  A yaktaur (Vaults:3)
  A large abomination (Abyss:4)
  A chaos spawn (Abyss:4)
  A spatial vortex (Abyss:2)
  An orc warrior (Orc:2)
  An ogre (Vaults:3)
  2 small abominations (Abyss:4)
  A water moccasin zombie (D:9)
  An orc wizard (Crypt:1)
  A shadow imp (Abyss:2)
  An ufetubus (Abyss:2)
  2 orcs
  A bat (shapeshifter) (Abyss:4)
  A bush (Lair:6)
  37 fungi
  A lurking horror (Abyss:2)
  48 plants
  40 spectral weapons
  19 starspawn tentacles
  4 tentacles (Shoals:4)
  5 toadstools (Depths:5)
184 creatures vanquished.

Grand Total: 3261 creatures vanquished

Notes
Turn   | Place    | Note
-------+----------+-------------------------------------------
     0 | D:1      | Amplified the Minotaur Air Elementalist began the quest for
                  | the Orb.
     0 | D:1      | Reached XP level 1. HP: 14/14 MP: 1/1
   578 | D:1      | Reached XP level 2. HP: 22/22 MP: 3/3
   613 | D:1      | Reached skill level 1 in Armour
   661 | D:1      | Reached skill level 1 in Fighting
  1121 | D:1      | Reached skill level 1 in Axes
  1377 | D:2      | Reached XP level 3. HP: 28/28 MP: 4/4
  1609 | D:2      | Noticed Terence
  1630 | D:2      | Killed Terence
  1630 | D:2      | Reached skill level 1 in Throwing
  1630 | D:2      | Reached XP level 4. HP: 24/36 MP: 5/5
  1669 | D:2      | Noticed Jessica
  1675 | D:2      | Killed Jessica
  1675 | D:2      | Reached skill level 2 in Fighting
  1675 | D:2      | Reached skill level 1 in Short Blades
  1927 | D:2      | Reached XP level 5. HP: 41/41 MP: 6/6
  2890 | D:3      | Noticed Sigmund
  2903 | D:3      | Killed Sigmund
  2903 | D:3      | Reached skill level 3 in Fighting
  2903 | D:3      | Reached XP level 6. HP: 45/51 MP: 6/8
  3065 | D:4      | Noticed Robin
  3199 | D:4      | Found a staircase to the Ecumenical Temple.
  3212 | Temple   | Entered the Ecumenical Temple
  3322 | Temple   | Became a worshipper of Dithmenos the Shadowed
  3428 | D:4      | Gained mutation: You are partially covered in rugged brown
                  | scales. (AC +1, +3% HP) [potion of mutation]
  3428 | D:4      | Gained mutation: You evolve. [potion of mutation]
  3428 | D:4      | Gained mutation: Your spells are a little harder to cast,
                  | but a little more powerful. [potion of mutation]
  3438 | D:4      | Reached XP level 7. HP: 35/58 MP: 5/9
  3481 | D:4      | Killed Robin
  3560 | D:4      | Reached skill level 4 in Fighting
  3569 | D:4      | Found a sand-covered staircase.
  3592 | Ossuary  | Entered an ossuary
  3740 | Ossuary  | Reached * piety under Dithmenos
  3987 | Ossuary  | Reached ** piety under Dithmenos
  4588 | D:5      | Entered Level 5 of the Dungeon
  4907 | D:5      | Reached XP level 8. HP: 69/69 MP: 11/11
  5148 | D:6      | Noticed Duvessa
  5148 | D:6      | Noticed Dowan
  5154 | D:6      | Killed Dowan
  5154 | D:6      | Reached skill level 5 in Fighting
  5208 | D:6      | Learned a level 2 spell: Swiftness
  5508 | D:6      | Reached *** piety under Dithmenos
  5541 | D:6      | Reached skill level 5 in Short Blades
  5683 | D:6      | Killed Duvessa
  5705 | D:6      | Reached skill level 6 in Fighting
  5705 | D:6      | Reached skill level 5 in Stealth
  6173 | D:7      | Reached XP level 9. HP: 75/77 MP: 13/13
  6183 | D:7      | Noticed Harold
  6222 | D:7      | Killed Harold
  6231 | D:7      | Reached skill level 7 in Fighting
  6674 | D:7      | Gained mutation: You are mostly covered in rugged brown
                  | scales. (AC +2, +5% HP) [evolution]
  6917 | D:7      | Found a glowing silver altar of Zin.
  7334 | D:8      | Reached skill level 5 in Armour
  7651 | D:8      | Reached XP level 10. HP: 82/92 MP: 13/16
  7755 | D:8      | Reached skill level 8 in Fighting
  7888 | D:8      | Reached **** piety under Dithmenos
  8103 | D:9      | Found a flagged portal.
  8113 | D:9      | Reached skill level 5 in Spellcasting
  8173 | D:9      | Found a large runed translucent door.
  8174 | D:9      | Found a large runed translucent door.
  8183 | D:9      | Noticed Xerdoz's ghost (novice OpTm)
  8193 | Bailey   | Entered a bailey
  8533 | Bailey   | Noticed an orc knight
  8533 | Bailey   | Noticed an orc knight
  8551 | Bailey   | Noticed an orc knight
  8558 | Bailey   | Killed an orc knight
  8561 | Bailey   | Killed an orc knight
  8579 | Bailey   | Reached skill level 9 in Fighting
  8593 | Bailey   | Noticed an orc knight
  8606 | Bailey   | Killed an orc knight
  8623 | Bailey   | Killed an orc knight
  8623 | Bailey   | Reached XP level 11. HP: 50/101 MP: 10/18
  8962 | D:9      | Reached skill level 13 in Fighting
  8962 | D:9      | Reached XP level 12. HP: 101/120 MP: 15/19
  9146 | D:9      | Found a shimmering blue altar of Sif Muna.
  9404 | D:10     | Entered Level 10 of the Dungeon
  9558 | D:10     | Found a roughly hewn altar of Beogh.
  9563 | D:10     | Found a staircase to the Orcish Mines.
  9568 | D:10     | Reached ***** piety under Dithmenos
 10306 | D:10     | Reached skill level 10 in Short Blades
 10368 | D:10     | Found a staircase to the Lair.
 10723 | D:11     | Reached skill level 1 in Invocations
 10734 | D:11     | Noticed a six-headed hydra
 10777 | D:11     | Killed a six-headed hydra
 10777 | D:11     | Reached skill level 1 in Evocations
 10873 | D:11     | Found Jefenum's Jewellery Shop.
 10877 | D:11     | Bought an uncursed amulet of the acrobat for 480 gold
                  | pieces
 11325 | D:12     | Found a shimmering altar of Xom.
 11345 | D:12     | Noticed Frances
 11345 | D:12     | Noticed a two-headed ogre
 11367 | D:12     | Killed Frances
 11372 | D:12     | Killed a two-headed ogre
 11486 | D:12     | Noticed Psyche
 11493 | D:12     | Killed Psyche
 11540 | D:12     | Reached skill level 14 in Fighting
 11540 | D:12     | Reached XP level 13. HP: 118/130 MP: 21/21
 11601 | D:12     | Got a wavering granite ring
 11602 | D:12     | Identified the ring of Ymenk {+Inv rN+} (You found it on
                  | level 12 of the Dungeon)
 11701 | D:12     | Found Raculyf's Book Boutique.
 11727 | D:12     | Noticed Urug
 11732 | D:12     | Killed Urug
 11872 | D:12     | Lost mutation: Your spells are a little harder to cast, but
                  | a little more powerful. [evolution]
 12175 | D:13     | Found a gate to the Vaults.
 12175 | D:13     | Noticed Nessos
 12175 | D:13     | Noticed Rupert
 12311 | Lair:1   | Entered Level 1 of the Lair of Beasts
 12397 | Lair:1   | Reached skill level 1 in Maces & Flails
 12429 | Lair:1   | Reached ****** piety under Dithmenos
 12869 | Lair:2   | Reached skill level 5 in Dodging
 12947 | Lair:2   | Found a staircase to the Snake Pit.
 13010 | Lair:2   | Noticed Gastronok
 13024 | Lair:2   | Killed Gastronok
 13094 | Lair:2   | Reached skill level 1 in Shields
 13418 | Lair:2   | Reached skill level 5 in Shields
 13511 | Lair:2   | Found a runed translucent gate.
 13673 | Lair:2   | Found a runed translucent gate.
 13674 | Lair:2   | Found a runed translucent gate.
 13675 | Lair:2   | Noticed Ustaxtoz's ghost (journeyman DEWz)
 14195 | Lair:3   | Found a staircase to the Shoals.
 14826 | Lair:4   | Reached XP level 14. HP: 126/138 MP: 22/22
 14852 | Lair:4   | Noticed Snorg
 14868 | Lair:4   | Killed Snorg
 14880 | Lair:4   | Reached skill level 10 in Shields
 15133 | Lair:4   | Noticed Sonja
 15136 | Lair:4   | Killed Sonja
 16014 | Lair:5   | Noticed an entropy weaver
 16015 | Lair:5   | Noticed an entropy weaver
 16083 | Lair:6   | Entered Level 6 of the Lair of Beasts
 16741 | Lair:6   | Got a brightly glowing amethyst amulet
 16742 | Lair:6   | Identified the amulet of Icu Jewn {RegenMP rPois rC++ Dex-4
                  | SInv} (You found it on level 6 of the Lair of Beasts)
 16919 | Lair:6   | Found a staircase to the Slime Pits.
 16919 | Lair:6   | Found a viscous altar of Jiyva.
 17104 | Lair:6   | Gained mutation: Your spells are a little easier to cast,
                  | but a little less powerful. [evolution]
 17173 | Lair:6   | Reached skill level 15 in Shields
 17293 | Lair:6   | Found a runed translucent door.
 17467 | Lair:6   | Reached XP level 15. HP: 84/145 MP: 15/23
 18366 | Lair:5   | Reached skill level 10 in Armour
 18399 | Lair:5   | Reached skill level 5 in Invocations
 18471 | Lair:5   | Lost mutation: Your spells are a little easier to cast, but
                  | a little less powerful. [evolution]
 18471 | Lair:5   | Lost mutation: You evolve. [end of evolution]
 18655 | Orc:1    | Entered Level 1 of the Orcish Mines
 18655 | Orc:1    | Noticed Erolcha
 18659 | Orc:1    | Killed Erolcha
 18660 | Orc:1    | Noticed Josephine
 18718 | Orc:1    | Killed Josephine
 18906 | Orc:1    | Found Kurr's Antique Armour Emporium.
 18910 | Orc:1    | Bought an embroidered cloak for 210 gold pieces
 19178 | Orc:2    | Entered Level 2 of the Orcish Mines
 19240 | Orc:2    | Noticed Maurice
 19466 | Orc:2    | Killed Maurice
 19466 | Orc:2    | Reached skill level 5 in Evocations
 20283 | Orc:2    | Found Keopluuf's Armour Emporium.
 20283 | Orc:2    | Found Laenn's Antique Armour Boutique.
 20343 | Orc:2    | Reached skill level 15 in Fighting
 20344 | Orc:2    | Found a roughly hewn altar of Beogh.
 20558 | Orc:2    | Found a staircase to the Elven Halls.
 20660 | Orc:2    | Found Iluq's Magic Scroll Emporium.
 20660 | Orc:2    | Found Tuloc's Distillery.
 20889 | Orc:2    | Bought a dazzling ring mail for 252 gold pieces
 20889 | Orc:2    | Bought a slimy robe for 159 gold pieces
 20889 | Orc:2    | Identified the +3 ring mail of the Midnight Sun {*Contam
                  | *Slow rC+++ Regen+} (You bought it in a shop on level 2 of
                  | the Orcish Mines)
 20890 | Orc:2    | Identified the +2 robe "Lukijosch" {Dex+4 Slay+2} (You
                  | bought it in a shop on level 2 of the Orcish Mines)
 20900 | Orc:2    | Bought the cursed +0 large shield "Onashota" {+Blink rElec
                  | rF+ MR+} for 526 gold pieces
 21050 | D:13     | Paralysed by Rupert for 4 turns
 21240 | D:12     | Killed Rupert
 21535 | D:13     | Killed Nessos
 21992 | D:13     | Found Yhiechuw's General Store.
 22518 | D:14     | Reached XP level 16. HP: 132/156 MP: 24/24
 22881 | D:14     | Got a shimmering scale mail
 22892 | D:14     | Identified the cursed +0 scale mail "Bokk" {rPois rC+
                  | Str+3} (You found it on level 14 of the Dungeon)
 23210 | D:14     | You fall into a shaft and drop 1 floor!
 23210 | D:15     | Entered Level 15 of the Dungeon
 23679 | D:15     | Found a staircase to the Depths.
 23767 | D:15     | Found Xits's Magic Scroll Shoppe.
 23833 | D:15     | Found a sacrificial altar of Ru.
 24178 | D:15     | Found a runed translucent gate.
 24211 | D:15     | Found a runed translucent gate.
 24374 | D:15     | Found a runed translucent gate.
 24376 | D:15     | Noticed Uvinaotu's ghost (journeyman MiFi)
 24682 | D:15     | Killed Uvinaotu's ghost
 24889 | D:9      | Killed Xerdoz's ghost
 25091 | Lair:2   | Killed Ustaxtoz's ghost
 25636 | Snake:1  | Entered Level 1 of the Snake Pit
 25915 | Snake:1  | Found a runed translucent door.
 25915 | Snake:1  | Found a shimmering altar of Xom.
 25915 | Snake:1  | Identified the cursed +1 great mace of Wewyoget {chaos,
                  | +Blink}
 25915 | Snake:1  | Noticed Byolum's ghost (adept MiBe)
 26055 | Snake:1  | Identified the +1 pair of gloves of the Orcish Mines {rElec
                  | rPois rF+ Dex+2}
 26055 | Snake:1  | Noticed Nikola
 26069 | Snake:1  | Killed Nikola
 26311 | Snake:2  | Got a shimmering chain mail
 26359 | Snake:2  | Identified the cursed +0 chain mail of a bailey {rPois rN+
                  | SInv} (You found it on level 2 of the Snake Pit)
 27240 | Snake:2  | Found a shadowy altar of Dithmenos.
 27597 | Snake:3  | Reached XP level 17. HP: 136/163 MP: 25/25
 28287 | Snake:4  | Entered Level 4 of the Snake Pit
 29311 | Snake:4  | Found Cuolius's Magic Scroll Emporium.
 29394 | Snake:4  | Bought a scroll of acquirement for 884 gold pieces
 29624 | Snake:4  | Reached skill level 5 in Throwing
 30385 | Snake:4  | Identified the cursed +1 shortbow "Ecsoyph" {venom, rF-
                  | rC++ rN++}
 31202 | Snake:4  | Reached XP level 18. HP: 88/171 MP: 26/26
 31684 | Snake:4  | Reached skill level 10 in Throwing
 32569 | Snake:4  | Got a serpentine rune of Zot
 32901 | Shoals:1 | Entered Level 1 of the Shoals
 33629 | Shoals:1 | Got a crude war axe
 33634 | Shoals:1 | Identified the +2 war axe of Unreason {drain, rElec rC+++
                  | Int-3 SInv Stlth-} (You found it on level 1 of the Shoals)
 33800 | Shoals:3 | Noticed Roxanne
 33802 | Shoals:4 | Entered Level 4 of the Shoals
 33831 | Shoals:4 | Found a frozen archway.
 33855 | IceCv    | Entered an ice cave
 34101 | IceCv    | Noticed an Ice Fiend
 34105 | IceCv    | Killed an Ice Fiend
 34116 | IceCv    | Got a crystal quarterstaff
 34118 | IceCv    | Identified the +5 quarterstaff of Sycs {crush, rC+ Int+2}
                  | (You found it in an ice cave)
 35024 | Shoals:4 | Noticed Bai Suzhen
 35527 | Shoals:4 | Got a barnacled rune of Zot
 35653 | Shoals:4 | Killed Bai Suzhen
 36194 | Shoals:4 | Identified the +0 halberd of the Final Decision {antimagic,
                  | +Fly rElec rF- Dex+4}
 36807 | Shoals:3 | Reached XP level 19. HP: 137/178 MP: 25/27
 37066 | Shoals:3 | Noticed Mara
 37069 | Shoals:3 | Killed Mara
 37762 | Shoals:2 | Noticed Donald
 37774 | Shoals:2 | Killed Donald
 39457 | D:12     | Learned a level 2 spell: Blink
 39491 | Vaults:1 | Entered Level 1 of the Vaults
 42917 | Vaults:2 | Found a stormy altar of Qazlal.
 43073 | Vaults:2 | Reached skill level 10 in Stealth
 43073 | Vaults:2 | Reached XP level 20. HP: 123/187 MP: 28/28
 45061 | Vaults:3 | Noticed Sojobo
 45086 | Vaults:3 | Reached skill level 16 in Fighting
 46237 | Vaults:4 | Found Peruomok's General Store.
 46669 | Vaults:4 | Found a runed translucent door.
 47141 | Vaults:4 | Noticed SlowGraham's ghost (legendary KoMo)
 47283 | Vaults:4 | Reached skill level 10 in Dodging
 47758 | Vaults:4 | Killed SlowGraham's ghost
 47778 | Vaults:4 | Got a translucent iron ring
 47779 | Vaults:4 | Identified the ring of Zifoerun {*Contam rPois AC+3 Str+2
                  | Dex+2} (You found it on level 4 of the Vaults)
 48493 | Vaults:3 | Reached XP level 21. HP: 198/198 MP: 29/29
 48531 | Vaults:3 | You fall into a shaft and drop 1 floor!
 49249 | Vaults:3 | Killed Sojobo
 49443 | Vaults:3 | Noticed Aizul
 49468 | Vaults:3 | Killed Aizul
 49696 | Vaults:3 | Noticed Margery
 49736 | Vaults:3 | Reached skill level 17 in Fighting
 49970 | Vaults:3 | Killed Margery
 50004 | Vaults:3 | Reached skill level 10 in Invocations
 50462 | Vaults:3 | Found a staircase to the Crypt.
 50658 | Crypt:1  | Entered Level 1 of the Crypt
 51907 | Elf:1    | Entered Level 1 of the Elven Halls
 52307 | Elf:1    | Found Oraniup's Assorted Antiques.
 52325 | Elf:1    | Bought a wand of paralysis (8) for 74 gold pieces
 52325 | Elf:1    | Bought a wand of acid (2) for 296 gold pieces
 52343 | Elf:1    | Reached XP level 22. HP: 210/210 MP: 30/30
 53007 | Elf:2    | Reached skill level 10 in Evocations
 53083 | Elf:2    | Got a spiked shield
 53084 | Elf:2    | Identified the +1 shield of Surprise {+Fly rF+ rCorr} (You
                  | found it on level 2 of the Elven Halls)
 53354 | Elf:2    | Found a runed translucent door.
 53435 | Elf:2    | Found a huge runed translucent gate.
 53435 | Elf:2    | Found a huge runed translucent gate.
 53435 | Elf:2    | Found a huge runed translucent gate.
 53435 | Elf:2    | Found a huge runed translucent gate.
 53435 | Elf:2    | Found a huge runed translucent gate.
 53716 | Elf:3    | Entered Level 3 of the Elven Halls
 54190 | Elf:3    | Reached skill level 18 in Fighting
 54687 | Elf:3    | Identified the +5 war axe "Killer Bee's Foe" {antimagic,
                  | Fragile rElec Str+4 Dex+2}
 54687 | Elf:3    | Identified the ring "Atzy" {rElec rPois rF++ rC+}
 54862 | Elf:3    | Identified the cursed ring "Wuis" {+Inv rF- Str-2 Int+4}
 54863 | Elf:3    | Reached skill level 15 in Armour
 54882 | Elf:3    | Identified the amulet of Ascent {+Blink +Rage rElec Str+2}
 55384 | Elf:3    | Identified the +7 bardiche of Discord {chop, +Rage MR-
                  | Str+4 Int+3}
 55437 | Elf:3    | Identified the +5 morningstar of the Omega Point {crush,
                  | MP+9 Dex+4}
 55437 | Elf:3    | Identified the cursed +1 robe of Resonance {Str+4}
 55508 | Elf:3    | Identified the Catalogue of Battle Magic and Contamination
 55661 | Elf:3    | Identified the cursed +0 hand crossbow of the Ancients
                  | {velocity, Str+3 Int+3} (You found it on level 3 of the
                  | Elven Halls)
 55679 | Elf:3    | Identified a +0 pair of boots of running (You found it on
                  | level 3 of the Elven Halls)
 55987 | D:15     | Bought a scroll of acquirement for 832 gold pieces
 55987 | D:15     | Bought a scroll of teleportation for 48 gold pieces
 56001 | Depths:1 | Entered Level 1 of the Depths
 56457 | Depths:1 | Found a gateway to Hell.
 56775 | Depths:1 | Identified Dybiteuxo's Collected Works on Summoning
 56827 | Depths:1 | Reached skill level 5 in Axes
 56882 | Depths:1 | Found a one-way gate leading to the halls of Pandemonium.
 57632 | Depths:2 | Reached XP level 23. HP: 189/221 MP: 31/31
 57764 | Depths:2 | Reached skill level 19 in Fighting
 58455 | Depths:2 | Reached skill level 10 in Axes
 58638 | Depths:2 | Identified the ring "Iseh" {*Drain rElec rPois rF+ SInv}
 58813 | Depths:2 | Noticed a juggernaut
 59195 | Depths:2 | Noticed a juggernaut
 59210 | Depths:2 | Killed a juggernaut
 59210 | Depths:2 | Reached skill level 15 in Stealth
 59379 | Depths:2 | Killed a juggernaut
 60668 | Depths:3 | Found a gateway to a ziggurat.
 60713 | Depths:3 | Reached skill level 20 in Fighting
 60955 | Depths:3 | Found Japhur's Gadget Shoppe.
 60955 | Depths:3 | Found Liygh's Jewellery Boutique.
 60956 | Depths:3 | Found Cenan's Jewellery Boutique.
 61056 | Depths:3 | You fall into a shaft and drop 2 floors!
 61056 | Depths:5 | Entered Level 5 of the Depths
 61414 | Depths:5 | Paralysed by a vampire knight for 5 turns
 61696 | Depths:5 | Found a gate to the Realm of Zot.
 61709 | Depths:5 | Reached skill level 5 in Air Magic
 61809 | Depths:5 | Reached XP level 24. HP: 98/236 MP: 31/31
 62667 | Depths:5 | Reached skill level 15 in Axes
 63223 | Depths:4 | Found a stormy altar of Qazlal.
 63606 | Depths:4 | Noticed Mennas
 63961 | Depths:4 | Found a one-way gate to the infinite horrors of the Abyss.
 64149 | Depths:3 | Reached skill level 21 in Fighting
 64159 | Depths:3 | Identified the cursed +1 leather armour of the Sun {Dex+4}
                  | (You found it on level 3 of the Depths)
 65275 | Depths:3 | Bought the amulet "Kahe" {RegenMP rN+ Str+2 SInv} for 644
                  | gold pieces
 65277 | Depths:3 | Bought the ring of Pashroito {rF+ rC+ rN+} for 561 gold
                  | pieces
 65600 | Crypt:1  | Noticed Saint Roka
 65633 | Crypt:1  | Killed Saint Roka
 66084 | Crypt:1  | Noticed Xtahua
 66090 | Crypt:1  | Killed Xtahua
 66192 | Crypt:3  | Entered Level 3 of the Crypt
 66410 | Crypt:3  | Reached skill level 10 in Air Magic
 66497 | Crypt:3  | Reached XP level 25. HP: 152/248 MP: 31/31
 66773 | Crypt:3  | Found a basalt altar of Yredelemnul.
 67307 | Crypt:3  | Found a staircase to the Tomb.
 67377 | Crypt:3  | Learned a level 5 spell: Silence
 67384 | Crypt:3  | Learned a level 6 spell: Deflect Missiles
 68029 | Crypt:3  | Reached skill level 22 in Fighting
 68516 | Crypt:3  | Got a crystal dagger
 68517 | Crypt:3  | Identified the +6 dagger of Pain and Death {pain, *Noise
                  | Int+4 Stlth+} (You found it on level 3 of the Crypt)
 69117 | Crypt:2  | Got a bloodstained ring mail
 69727 | Crypt:1  | Identified the +0 ring mail of Blue Skies {rC+ MR+} (You
                  | found it on level 2 of the Crypt)
 69872 | Vaults:5 | Entered Level 5 of the Vaults
 70231 | Vaults:5 | Learned a level 3 spell: Mephitic Cloud
 70324 | Vaults:5 | Learned a level 3 spell: Spectral Weapon
 70338 | Vaults:5 | Got a silver rune of Zot
 70464 | Vaults:5 | Reached skill level 1 in Charms
 71575 | Vaults:5 | Reached XP level 26. HP: 152/261 MP: 31/31
 72348 | Vaults:5 | Reached skill level 5 in Charms
 73093 | Vaults:5 | Got a coiled bronze amulet
 73094 | Vaults:5 | Identified the amulet "Kiulisidd" {Inacc *Slow rPois Dex+7
                  | SInv} (You found it on level 5 of the Vaults)
 74225 | Vaults:5 | Noticed an ancient lich
 74248 | Vaults:5 | Identified the ring "Zinliah" {*Corrode rF+ rN+ Dex+4
                  | Slay+3}
 74273 | Vaults:5 | Killed an ancient lich
 74569 | Vaults:5 | Learned a level 3 spell: Regeneration
 74585 | Vaults:5 | Identified the +0 chain mail of Dawn {*Slow MR+ rCorr
                  | Int+4} (You found it on level 5 of the Vaults)
 74602 | Vaults:5 | Got a bound platinum ring
 74646 | Vaults:5 | Identified the ring "Musy" {Wiz Dex+4} (You found it on
                  | level 5 of the Vaults)
 74670 | Vaults:5 | Identified Jasonaor's Disquisition on Venomous
                  | Transformation
 75083 | Depths:4 | Identified the ring of Dihaijil {rF- rN+++ Int+2 Dex-5
                  | Stlth-}
 75530 | Depths:4 | Reached skill level 23 in Fighting
 76570 | Depths:4 | Killed Mennas
 76707 | Depths:4 | You fall into a shaft and drop 1 floor!
 76817 | Depths:4 | Voluntarily entered the Abyss.
 76817 | Abyss:1  | Found a corrupted altar of Lugonu.
 76940 | Abyss:1  | Found a corrupted altar of Lugonu.
 77478 | Abyss:2  | Reached XP level 27. HP: 128/270 MP: 32/32
 77499 | Abyss:2  | Found a corrupted altar of Lugonu.
 77672 | Abyss:2  | Paralysed by you for 2 turns
 77789 | Abyss:2  | Paralysed by accursed screaming for 1 turns
 77796 | Abyss:2  | Paralysed by accursed screaming for 1 turns
 77868 | Abyss:2  | Identified the ring "Xyrchy" {rF+ Int+3} (You found it on
                  | level 2 of the Abyss)
 77959 | Abyss:2  | Found a corrupted altar of Lugonu.
 78557 | Abyss:2  | Found a shimmering blue altar of Sif Muna.
 78645 | Abyss:2  | Got a brightly glowing amethyst amulet
 78665 | Abyss:3  | Found a corrupted altar of Lugonu.
 78986 | Abyss:4  | Found a shimmering blue altar of Sif Muna.
 80049 | Abyss:4  | Got an abyssal rune of Zot
 80076 | Abyss:5  | Entered Level 5 of the Abyss
 80231 | Abyss:5  | Reached skill level 24 in Fighting
 80285 | Depths:4 | Escaped the Abyss
 80550 | Depths:4 | Identified the amulet of the Distant Future {RegenMP +Inv
                  | rC+ Int+6} (You found it on level 2 of the Abyss)
 80932 | Slime:1  | Entered Level 1 of the Pits of Slime
 81219 | Slime:5  | Entered Level 5 of the Pits of Slime
 81420 | Slime:5  | Found a viscous altar of Jiyva.
 81475 | Slime:5  | Noticed the Royal Jelly
 81484 | Slime:5  | Killed the Royal Jelly
 81967 | Slime:4  | You fall into a shaft and drop 1 floor!
 82361 | Slime:5  | Got a coiled marble ring
 82407 | Slime:5  | Got a shimmering bronze amulet
 82454 | Slime:5  | Got a smoking copper amulet
 82456 | Slime:5  | Got a slimy rune of Zot
 82466 | Slime:5  | Identified the ring of Pride {rC+ rN+ Slay+5} (You found it
                  | on level 5 of the Pits of Slime)
 82471 | Slime:5  | Identified the Almanac of Summoning
 82481 | Slime:5  | Identified the amulet of the Country {Acrobat +Blink} (You
                  | found it on level 5 of the Pits of Slime)
 82773 | Slime:5  | Got a warped plate armour
 82784 | Slime:5  | Identified the +10 plate armour "Bylel" {Int+2 Slay+3} (You
                  | found it on level 5 of the Pits of Slime)
 82788 | Slime:5  | Identified the amulet "Ixzanwy" {Gourm rN+ Str+6 SInv
                  | Stlth+} (You found it on level 5 of the Pits of Slime)
 83034 | Orc:1    | Bought a polished plate armour for 784 gold pieces
 83050 | Orc:1    | Identified the +0 plate armour of the Swan {rElec rN++ MR+
                  | Stlth-} (You bought it in a shop on level 1 of the Orcish
                  | Mines)
 83339 | Zig:1    | Entered Level 1 of a ziggurat
 83383 | Zig:2    | Entered Level 2 of a ziggurat
 83399 | Zig:2    | Identified the cursed +1 leather armour "Ucimis" {rF+
                  | Slay+5} (You found it on level 2 of a ziggurat)
 83423 | Zig:3    | Entered Level 3 of a ziggurat
 83508 | Zig:4    | Entered Level 4 of a ziggurat
 83549 | Zig:5    | Entered Level 5 of a ziggurat
 83559 | Zig:5    | Noticed Odweb Mith the pandemonium lord
 83613 | Zig:5    | Killed Odweb Mith the pandemonium lord
 83820 | Zig:6    | Entered Level 6 of a ziggurat
 83861 | Zig:6    | Reached skill level 10 in Charms
 83863 | Zig:6    | Got a transparent dagger
 83864 | Zig:6    | Identified the cursed +0 dagger of Dismemberment {pierce,
                  | +Rage MR+ Int+4} (You found it on level 6 of a ziggurat)
 84001 | Zig:7    | Entered Level 7 of a ziggurat
 84024 | Zig:7    | Paralysed by an orc sorcerer for 4 turns
 84102 | Zig:7    | Got a bloodstained robe
 84117 | Zig:7    | Got a scintillating turquoise ring
 84422 | Depths:3 | Identified the ring "Waecw" {*Tele rC- Str+4 Int+3} (You
                  | found it on level 7 of a ziggurat)
 84436 | Depths:3 | Identified the +1 robe of the Evil One {rElec rCorr Dex-4}
                  | (You found it on level 7 of a ziggurat)
 84544 | Zot:1    | Entered Level 1 of the Realm of Zot
 84767 | Zot:1    | Reached skill level 10 in Spellcasting
 84768 | Zot:1    | Reached skill level 15 in Air Magic
 85311 | Zot:1    | Noticed an orb of fire
 85492 | Zot:1    | Lost mutation: You are mostly covered in rugged brown
                  | scales. (AC +2, +5% HP) [an orb of fire]
 85497 | Zot:1    | Killed an orb of fire
 86061 | Zot:1    | Reached skill level 25 in Fighting
 86600 | Zot:2    | Reached skill level 1 in Hexes
 87616 | Zot:2    | Reached skill level 5 in Long Blades
 88210 | Zot:2    | Reached skill level 10 in Long Blades
 88964 | Zot:2    | Learned a level 1 spell: Confusing Touch
 88969 | Zot:2    | Learned a level 4 spell: Summon Lightning Spire
 89163 | Zot:2    | Got a scorched pewter amulet
 89172 | Zot:2    | Identified the amulet of Foiron {rPois Regen+ Str+3 Int-2
                  | Slay+3} (You found it on level 2 of the Realm of Zot)
 89475 | Zot:3    | Reached skill level 26 in Fighting
 89754 | Zot:3    | HP: 12/278 [golden dragon/bolt of fire (7)]
 89757 | Zot:3    | HP: 3/278 [death cob (11)]
 89757 | Zot:3    | Slain by a death cob

Levels and vault maps discovered:
D:1:      dpeg_arrival_water_fire, layout_basic, corner_web_ring,
          minmay_heptomino_w4
D:2:      wad_woods_tower, layout_basic, uniq_terence, uniq_jessica
D:3:      layout_basic, first_ration, minmay_misc_feat_hallway,
          kennysheep_generic_room_13, uniq_sigmund
D:4:      layout_loops_cross, minmay_temple_entry_junction,
          nicolae_ossuary_entry_giza, uniq_robin
D:5:      layout_basic
D:6:      layout_basic, uniq_duvessa
D:7:      layout_layer_cave, zin_academy, uniq_harold
D:8:      layout_gridville, grunt_livestock
D:9:      cheibrodos_two_vegetables, layout_cave_pools,
          ebering_ghost_disaster_area, enter_bailey_2, basic_altar,
          chequers_serial_rivers_micro_c
D:10:     layout_long_grid, erik_lair_dragon, david_orc_5
D:11:     layout_roguey, serial_shops, nicolae_shop_trees
D:12:     layout_long_grid, serial_shops, shop, basic_altar, uniq_frances,
          uniq_urug, uniq_psyche
D:13:     layout_long_grid, david_vaults_3, serial_shops, shop
D:14:     layout_grid_maze, drop_trap, chequers_serial_rivers_small_b
D:15:     gammafunk_depths_entry_grave, layout_irregular_city, serial_shops,
          shop, minmay_misc_feat_tiny, basic_altar, ebering_ghost_rock_garden
Temple:   kilobyte_greek_temple
Lair:1:   layout_roguey
Lair:2:   layout_gridlike, guppyfry_snake_entry_garden,
          gammafunk_ghost_hydra_chop, patterned_corridor, uniq_gastronok
Lair:3:   layout_small_grid, elwin_shoals_entry_rooms, grunt_megastairs_1
Lair:4:   layout_small_grid, serial_bayou_ford_a, grunt_megastairs_5,
          lemuel_fruit_fields, uniq_nessos, uniq_snorg, uniq_sonja
Lair:5:   layout_regular_city, minivault_29, grunt_megastairs_2
Lair:6:   hangedman_lair_tendril_chambers, layout_regular_city, wormcave,
          slime_altar_1
Shoals:1: layout_shoals, nicolae_shoals_circle_sea_wall
Shoals:2: cheibrodos_shoals_epimethial_gifts, layout_shoals,
          nicolae_shoals_water_shrine, uniq_donald
Shoals:3: layout_shoals, uniq_ilsuiw, uniq_roxanne, uniq_mara
Shoals:4: shoals_end_grunt_ice, layout_shoals,
          portal_ice_cave_entry_ice_statue_one, uniq_bai_suzhen
Snake:1:  layout_basic, ebering_ghost_xom, uniq_nikola
Snake:2:  layout_layer_cave, basic_altar
Snake:3:  layout_honeycomb, grunt_ministairs_5
Snake:4:  grunt_snake_rune_spirals, layout_concentric_octagons, serial_shops,
          nicolae_shop_stone, st_stairs_12, serial_bayou_shore_b
Slime:1:  layout_caves
Slime:2:  layout_caves
Slime:3:  layout_caves, cheibrodos_slime_lost_civilization_7
Slime:4:  layout_caves
Slime:5
Orc:1:    layout_caves, serial_shops, shop, uniq_josephine, uniq_erolcha
Orc:2:    st_orc_town, layout_caves, elves_outpost_lemuel, uniq_maurice
Elf:1:    eino_elf_arrival_shootout, layout_gridlike, serial_shops,
          nicolae_shop_crystal, hangedman_elven_crosses_minicolossus, drop_trap,
          grunt_ministairs_12
Elf:2:    layout_loops_ring, minivault_13
Elf:3:    minmay_elf_hall_statues, layout_loops_cross, feat_on_display
Vaults:1: v_misc_9, ontoclasm_vaults_loading_screen, v_misc_8,
          ontoclasm_vaults_misaligned, nicolae_vaults_rhombus_7,
          nicolae_vaults_mini_display_case, grunt_vaults_twisty,
          hangedman_vaults_trim, v_misc_10, hangedman_vaults_nodes,
          layout_vaults_omnigrid
Vaults:2: nicolae_vaults_ring_of_whatevers, v_rooms_5,
          nicolae_vaults_shelves_hall, ontoclasm_vaults_hangar, st_lattice,
          nicolae_vaults_what_the_h, v_misc_26, hangedman_vaults_maws,
          v_pattern_1, vaults_room_grunt_arrival_ludios,
          ontoclasm_vaults_loading_screen, nicolae_vaults_little_squares_2,
          vaults_dpeg_ring, v_misc_8, layout_vaults_omnicross, basic_altar
Vaults:3: minmay_crypt_entry_simple_box, hangedman_vaults_corner_blocks,
          nicolae_vaults_know_your_exits, hangedman_vaults_hat, v_pattern_4,
          ontoclasm_vaults_eye, v_misc_15, nicolae_vaults_network_periphery,
          nicolae_vaults_circle_grid_a, v_misc_27,
          vaults_standard_mumra_enter_the_diamond, vaults_room_semicircle,
          serial_ice_g, layout_vaults_ring, uniq_sojobo, uniq_aizul,
          uniq_margery
Vaults:4: ebering_vaults_ghost_inner_flame, nicolae_vaults_network_quincunx
          [nicolae_vaults_network_quincunx_subvault,
          nicolae_vaults_network_quincunx_subvault,
          nicolae_vaults_network_quincunx_subvault,
          nicolae_vaults_network_quincunx_subvault,
          nicolae_vaults_network_quincunx_subvault], v_misc_16,
          hangedman_vaults_trim, v_pattern_3, vaults_mumra_hex,
          hangedman_vaults_locks, v_misc_13, ontoclasm_vaults_decontamination,
          nicolae_vaults_windows_and_doors_thing, layout_vaults_big_room,
          serial_shops, shop
Vaults:5
Crypt:1:  layout_chaotic_city, grunt_crypt_arrival_guarded_gate, uniq_boris,
          uniq_frederick, uniq_xtahua, uniq_saint_roka
Crypt:2:  layout_gridlike
Crypt:3:  church_of_pain_bobbens, layout_chaotic_city, tomb_entry_sphere_bobbens
Depths:1: layout_honeycomb, serial_sigils, serial_sigils_hangedman_gut,
          serial_sigils_hangedman_scar, serial_sigils_hangedman_writhe,
          serial_sigils_hangedman_leer, grunt_pan_entry_in_and_out, hell_entry,
          minmay_crystal_room, hangedman_research_convocations
Depths:2: grunt_runaround [grunt_runaround_doors_1, grunt_runaround_doors_2,
          grunt_runaround_doors_3, grunt_runaround_doors_4,
          grunt_runaround_loot], hell_entry, serial_shops
Depths:3: minmay_fractal_lines_corner, layout_cave_shapes, enter_ziggurat_d,
          chequers_serial_rivers_large_a, rand_demon_pan_entry_4,
          lightli_too_deep, minmay_hollow_rounded_squares,
          infiniplex_staircase_zigzag_2, minmay_shop_grove
Depths:4: regret_index_qazlal_generations, layout_basic,
          grunt_hell_entry_dis_mu, abyss_entry, kennysheep_cross_room,
          hangedman_aviary, uniq_mennas
Depths:5: grunt_crosshair, layout_basic, pf_hell_entry_tar_river,
          minmay_gold_behind_fungi
Zot:1:    grunt_zot_stairs_faceoff, layout_cathedral_of_symmetry
Zot:2:    minmay_elemental_castle, layout_onion_interference
Zot:3:    layout_onion

Skill      XL: |  1  2  3  4  5  6  7  8  9 10 11 12 13 14 15 16 17 18 19 20 21 22 23 24 25 26 27 |
---------------+----------------------------------------------------------------------------------+-----
Armour         | 1 3 5 7 8 9 10 11 12 14 15 16 21 22 | 22.8
Fighting       | 1 2 3 4 6 7 9 13 14 15 16 17 18 20 21 22 23 26 | 26.4
Axes           | 1 7 14 15 | 15.4
Stealth        | 2 3 4 5 6 7 8 9 10 11 12 13 16 17 | 17.4
Throwing       | 1 2 3 9 14 | 14.1
Short Blades   | 1 2 4 5 6 8 10 | 10.3
Spellcasting   | 2 3 4 5 6 7 10 | 10.7
Invocations    | 2 4 6 7 9 10 | 10.0
Dodging        | 4 5 7 8 10 11 12 | 12.9
Evocations     | 2 3 4 5 6 8 9 10 | 10.8
Maces & Flails | 2 |  2.6
Shields        | 9 15 16 20 22 24 25 | 25.3
Air Magic      | 5 10 11 15 | 15.4
Charms         | 3 8 11 | 11.0
Hexes          | 2 |  2.1
Long Blades    | 13 | 13.0
Conjurations   | |  0.6

Action                   |  1- 3 |  4- 6 |  7- 9 | 10-12 | 13-15 | 16-18 | 19-21 | 22-24 | 25-27 || total
-------------------------+-------+-------+-------+-------+-------+-------+-------+-------+-------++-------
Melee: Hand axe          |    97 |       |       |       |       |       |       |       |       ||    97
       Headbutt          |    13 |    16 |    62 |   100 |   352 |   570 |   742 |   959 |  1542 ||  4356
       Unarmed           |     6 |       |       |       |       |       |       |       |     7 ||    13
       Dagger            |     3 |   117 |   394 |   580 |  1796 |  2196 |  2609 |  2741 |  2090 || 12526
       Whip              |       |     5 |       |       |       |       |       |       |       ||     5
       Eveningstar       |       |       |       |       |       |       |     4 |     6 |       ||    10
       Demon blade       |       |       |       |       |       |       |       |       |  1756 ||  1756
Throw: Dart              |     3 |     9 |     5 |     8 |     2 |     9 |    32 |    36 |    23 ||   127
       Throwing net      |       |       |       |     1 |       |     5 |     3 |    15 |     1 ||    25
 Cast: Shock             |     4 |       |       |       |       |       |       |       |       ||     4
       Spectral Weapon   |       |       |       |       |       |       |       |       |    86 ||    86
       Mephitic Cloud    |       |       |       |       |       |       |       |       |    10 ||    10
       Regeneration      |       |       |       |       |       |       |       |       |    53 ||    53
       Deflect Missiles  |       |       |       |       |       |       |       |       |     8 ||     8
       Blink             |       |       |       |       |       |       |       |       |     2 ||     2
Invok: Shadow Step       |       |       |       |     2 |     1 |    13 |     9 |     4 |    34 ||    63
 Abil: Evoke Invisibilit |       |       |       |       |     1 |     2 |     1 |     5 |     7 ||    16
       Evoke Blink       |       |       |       |       |       |       |       |     3 |     1 ||     4
Evoke: Wand              |       |       |       |     3 |    11 |    42 |    49 |    36 |    60 ||   201
       Sack of spiders   |       |       |       |       |       |       |     1 |       |       ||     1
       Lamp of fire      |       |       |       |       |       |       |       |     6 |    19 ||    25
  Use: Scroll            |     5 |     5 |    13 |    13 |    15 |    22 |    24 |    32 |    56 ||   185
       Potion            |     3 |     5 |     7 |     9 |     6 |    17 |    19 |    10 |    36 ||   112
 Stab: Sleeping          |     5 |     6 |    18 |    20 |    73 |    65 |    71 |    86 |   103 ||   447
       Invisible         |       |       |       |    14 |     8 |     3 |     4 |    18 |    16 ||    63
       Held in net/web   |       |       |       |     1 |       |     3 |     2 |     3 |     1 ||    10
       Distracted        |       |       |       |     4 |     9 |     9 |     7 |    14 |    44 ||    87
       Paralysed         |       |       |       |       |     4 |     6 |     9 |     2 |     3 ||    24
       Confused          |       |       |       |       |     2 |       |       |       |     4 ||     6
       Petrifying        |       |       |       |       |       |       |       |       |     1 ||     1
  Eat: Chunk             |     2 |     3 |     6 |    10 |    15 |     5 |    16 |    14 |    28 ||    99
       Ration            |       |     1 |     2 |     1 |     7 |    12 |    12 |     9 |    20 ||    64
Armor: Robe              |    19 |       |       |       |    42 |   190 |   149 |   211 |   221 ||   832
       Leather armour    |    26 |    34 |    49 |       |       |       |       |       |       ||   109
       Skin              |       |       |     5 |       |       |       |       |       |       ||     5
       Swamp dragon scal |       |       |    46 |   150 |   270 |       |       |       |       ||   466
       Plate armour      |       |       |       |       |       |       |       |       |   182 ||   182
       Quicksilver drago |       |       |       |       |       |       |       |       |   152 ||   152
       Scale mail        |       |       |       |       |       |       |       |       |    45 ||    45
Dodge: Dodged            |    78 |    65 |   188 |   336 |   603 |   487 |   504 |   715 |  1541 ||  4517
       Deflected         |       |       |       |       |       |       |       |       |    15 ||    15
Block: Shield            |       |       |       |       |   543 |       |       |       |   781 ||  1324
       Large shield      |       |       |       |       |   158 |  1348 |  1579 |  1730 |  2274 ||  7089
       Rpst.: Demon blade |       |       |       |       |       |       |       |       |   131 ||   131
